 Dungeon Crawl Stone Soup version 0.32-a0-306-gfed3edf829 (webtiles) character file.

Game seed: 8578720414658428888

1859238 whatisthis the Sorcerer (level 27, 213/213 HPs)
             Began as a Djinni Fire Elementalist on Feb 14, 2024.
             Was an Initiate of Gozag.
             Escaped with the Orb
             ... and 3 runes
             ... and 1 gem!
             The game lasted 03:57:30 (59450 turns).

whatisthis the Sorcerer (Djinni Fire Elementalist) Turns: 59450, Time: 03:57:30

Health: 213/213    AC:  6    Str:  7    XL:     27
Gold:   7114       EV: 22    Int: 39    God:    Gozag SH: 27 Dex: 15

rFire   + + +        a - +1 short sword "Djinni's Curse" {heavy, rN+ rCorr Stlth+}
rCold   + . .        N - +8 tower shield {reflect}
rNeg    + + .        Y - +1 robe of Vines {NoPotionHeal Regen++++}
rPois   ∞            m - -2 hat of the Alchemist {rElec rPois rF+ rC+ rN+ Will+ rMut rCorr}
rElec   +            H - +1 cloak of the Lair of Beasts {Regen+ Int+3 Slay+2}
rCorr   +            A - +2 pair of gloves
SInv    .            (boots unavailable)
Will    +++..        V - amulet of regeneration
Stlth   +            n - +6 ring of intelligence
HPRegen 5.35/turn    x - ring of protection from cold
MPRegen 0.00/turn

%: reflection, resist mutation
@: flying
A: sickness immunity, fire resistance 2, cold vulnerability 1, float, innate
caster, HP casting, extra vitality 1
0: Orb of Zot
}: 3/15 runes: serpentine, barnacled, silver
a: Renounce Religion, Potion Petition, Call Merchant, Bribe Branch


You escaped.
You worshipped Gozag.
Gozag was greatly pleased with you.
You visited 9 branches of the dungeon, and saw 45 of its levels.
You also visited: Ossuary.

You collected 27070 gold pieces.
You spent 3960 gold pieces at shops.
You paid 15996 gold pieces to Gozag.

Inventory:

Hand Weapons
 a - the +1 short sword "Djinni's Curse" (weapon) {heavy, rN+ rCorr Stlth+}
   (You found it on level 1 of the Shoals)

   rN+:       It protects you from negative energy.
   rCorr:     It protects you from acid and corrosion.
   Stlth+:    It makes you more stealthy.
Missiles
 b - 12 curare-tipped darts
 f - 16 javelins
 k - 5 throwing nets
Armour
 h - a +2 helmet
 m - the -2 hat of the Alchemist (worn) {rElec rPois rF+ rC+ rN+ Will+ rMut rCorr}
   (You acquired it on level 1 of the Depths)

   rF+:       It protects you from fire.
   rC+:       It protects you from cold.
   rElec:     It insulates you from electricity.
   rPois:     It protects you from poison rN+: It protects you from negative
   energy.
   Will+:     It increases your willpower.
   rCorr:     It protects you from acid and corrosion.
   rMut:      It protects you from mutation.
 A - a +2 pair of gloves (worn)
 H - the +1 cloak of the Lair of Beasts (worn) {Regen+ Int+3 Slay+2}
   (You acquired it on level 13 of the Dungeon)

   Int+3:     It affects your intelligence (+3).
   Slay+2:    It affects your accuracy & damage with ranged weapons and melee
   (+2).
   Regen+:    It increases your rate of health regeneration.
 N - a +8 tower shield of reflection (worn)
 R - the +2 robe "Zefeq" {rElec}
   (You found it on level 8 of the Dungeon)

   rElec:     It insulates you from electricity.
 W - the +4 cloak of Meatep {SInv}
   (You bought it in a shop on level 3 of the Snake Pit)

   SInv:      It lets you see invisible.
 Y - the +1 robe of Vines (worn) {NoPotionHeal Regen++++}
   (You bought it in a shop on level 3 of the Snake Pit)

   NoPotionHeal: Its wearer cannot be healed by potions.
   Regen++++: It increases your rate of health regeneration.
Jewellery
 d - a ring of resist corrosion
 n - a +6 ring of intelligence (left hand)
 s - an amulet of reflection
 x - a ring of protection from cold (right hand)
 G - a +5 ring of evasion
 M - the ring of Lusmyl Lyba {rF+ rC+ Stlth+}
   (You found it on level 5 of the Realm of Zot)

   [ring of protection from fire]

   rF+:       It protects you from fire.
   rC+:       It protects you from cold.
   Stlth+:    It makes you more stealthy.
 V - an amulet of regeneration (around neck)
Wands
 j - a wand of flame (131)
 p - a wand of quicksilver (24)
 u - a wand of iceblast (49)
 z - a wand of digging (15)
Scrolls
 c - 7 scrolls of blinking
 i - 9 scrolls of fear
 t - 2 scrolls of revelation
 y - 32 scrolls of teleportation
 C - 12 scrolls of immolation
 J - 8 scrolls of poison
 L - 15 scrolls of fog
 O - 2 scrolls of silence
 P - 15 scrolls of identify
 Q - 8 scrolls of enchant weapon
 T - 7 scrolls of noise
 Z - 9 scrolls of summoning
Potions
 e - 15 potions of heal wounds
 g - 7 potions of attraction
 l - 6 potions of enlightenment
 o - 2 potions of mutation
 q - 8 potions of ambrosia
 r - 5 potions of haste
 v - 7 potions of berserk rage
 w - 20 potions of curing
 B - 2 potions of resistance
 D - 11 potions of might
 E - 6 potions of brilliance
 F - 5 potions of invisibility
 I - 3 potions of cancellation
 K - 8 potions of lignification
Miscellaneous
 U - a phial of floods


   Skills:
 + Level 22.6 Fighting
 + Level 23.1 Dodging
 - Level 1.5 Stealth
 - Level 15.4 Shields
 + Level 24.8 Spellcasting
 + Level 24.8 Conjurations
 + Level 24.8 Hexes
 + Level 24.8 Summonings
 + Level 24.8 Necromancy
 + Level 24.8 Translocations
 + Level 24.8 Fire Magic
 + Level 24.8 Ice Magic
 + Level 24.8 Air Magic
 + Level 24.8 Earth Magic
 + Level 24.8 Alchemy


You knew the following spells:

 Your Spells              Type           Power      Damage    Failure   Level
a - Foxfire               Conj/Fire      100%       2x1d9     0%          1
b - Scorch                Fire           100%       2d9       0%          2
c - Volatile Blastmotes   Fire/Tloc      100%       2d18      0%          3
d - Inner Flame           Hex/Fire       100%       N/A       0%          3
e - Flame Wave            Conj/Fire      100%       2d21      0%          4
f - Apportation           Tloc           100%       N/A       0%          1
g - Momentum Strike       Conj/Tloc      100%       3d10      0%          2
h - Ensorcelled Hibernat  Hex/Ice        100%       N/A       0%          2
i - Sigil of Binding      Hex            100%       N/A       0%          3
j - Lee's Rapid Deconstr  Erth           63%        3d29*     0%          5
k - Curse of Agony        Necr           100%       N/A       0%          5
l - Dispersal             Tloc           63%        N/A       1%          6
m - Monstrous Menagerie   Summ           63%        N/A       1%          7
n - Eringya's Noxious Bo  Alch           63%        4d6       1%          6
o - Lehudib's Crystal Sp  Conj/Erth      63%        10d15     1%          8
p - Summon Horrible Thin  Summ           63%        N/A       1%          8
q - Infestation           Necr           63%        N/A       1%          8
r - Dragon's Call         Summ           63%        N/A       13%         9
Your spell library was empty.

Dungeon Overview and Level Annotations

Branches:
Dungeon (15/15)            Temple (0/1) D:5            Lair (5/5) D:10
 Shoals (4/4) Lair:2        Snake (4/4) Lair:3        Slime (0/5) Lair:5
    Orc (2/2) D:12            Elf (0/3) Orc:2        Vaults (5/5) D:13
  Crypt (0/3) Vaults:3     Depths (4/4) D:15           Hell (visited)
    Zot (5/5) Depths:4    Ossuary (visited)
    Dis: Hell:1         Geh: Hell:1         Coc: Hell:1         Tar: Hell:1

Altars:
Elyvilon
Fedhas
Gozag
Hepliaklqana
Makhleb
Nemelex Xobeh
Okawaru
Ru
Trog
Uskayaw
Wu Jian
Xom
Yredelemnul
Zin
The Shining One
Jiyva

Shops:
D:1 !   D:6 *   Orc:2 *[(=   Shoals:3 ?   Snake:3 [[   Vaults:1 =
Vaults:2 *:?(:   Vaults:3 ((   Vaults:4 (   Vaults:5 ?!   Depths:1 *

Portals:
Hell: Depths:1 Depths:2 Depths:3 Depths:4
Abyss: Depths:2 Depths:3 Depths:4
Pandemonium: Depths:2 Depths:3
Ziggurat: Depths:4

Annotations:
D:5 1 runed translucent door, yleetSyT's ghost, novice FeWn
D:6 1 runed translucent door, Crazy Yiuf
Vaults:3 3 runed translucent doors, exclusion: door
Vaults:4 1 runed translucent door, Qecvurom's ghost, adept DrRe
Depths:2 Vv
Depths:3 4 runed translucent doors, exclusion: 4 doors
Hell Geryon


Innate Abilities, Weirdness & Mutations

You are immune to sickness and miasma.
You are immune to poison.
Your flesh is very heat resistant. (rF++)
You are vulnerable to cold. (rC-)
You float through the air rather than walking.
You learn spells naturally, not from books.
Your magical power is your life essence.
You have superior vitality. (+4 MHP)


Message History

You block the sun demon's attack.
There is a stone staircase leading up here.
Aiming: Lehudib's Crystal Spear (mildly dangerous; 1% risk of failure)
Press: ? - help, Q - select action, (/) - cycle Shift-Dir - straight line, f - sun demon
Aim: a sun demon (80% to hit)
The crystal spear hits the sun demon!!!!
You kill the sun demon!
You hear a roar!
You block the sun demon's attack.
The balrug is distracted by your dazzling golden aura.
The balrug shouts!
The balrug is no longer distracted by gold.
The sun demon is distracted by your dazzling golden aura.
The balrug hits you with a +1 demon whip of electrocution!!
You are engulfed in flames.
You resist.
The sun demon shouts!
You fly upwards.
There is a stone staircase leading down here.
Unknown command.
Aiming: Lehudib's Crystal Spear (mildly dangerous; 1% risk of failure)
Press: ? - help, Q - select action, (/) - cycle Shift-Dir - straight line, f - balrug
Aim: a balrug, wielding a +1 demon whip of electrocution (80% to hit)
The crystal spear hits the balrug!!!!
You kill the balrug!
Unknown command.
Aiming: Lehudib's Crystal Spear (mildly dangerous; 1% risk of failure)
Press: ? - help, Q - select action, (/) - cycle Shift-Dir - straight line, f - sun demon
Aim: a sun demon (80% to hit)
The crystal spear hits the sun demon!!!!
You kill the sun demon!
Unknown command.
HP restored.
There is an open door here.
There is an open door here.
There is an open door here.
There is an open door here.
You see here a jackal skeleton.
There is an open door here.
There is a staircase leading out of the dungeon here.
You have escaped!

~P♣~~P♣P~~P♣~#.###
~♣P~~..P~~♣♣~#...#
~P♣~~P.P~~.♣~###.## #########
~.P~~♣.P~~P.~# #..## #.......#
~PP~~PP.~~♣.~# #...# #.#####.#
~♣.~~~~~~~♣P~#####.# #.#...#.#
~.♣~.....~P♣~#...#.###.###.#.#
~~÷~.###.~~~~#...#..##.# #.#.#
÷....#§#.....'..@#..##.# #.#.#
~~~~.###.~~~~#...#..##.###.#.#
~.♣~.....~PP~#...##.##.....#.#
~♣P~~~~~~~PP~######.########.#
~P♣~~..P~~PP~#..#........# #.#
~♣P~~PP♣~~♣.~#..#._..###.# #.#
~♣P~~PPP~~♣.~#..#...># #.#
#.#### ~.♣~~♣..~~PP~#....##.#
#.# #.....
~..~~P.P~~P♣~##.####.# #.#
#####.


There were no monsters in sight!

Vanquished Creatures
  6 dread liches
  An ancient lich (Vaults:5)
  5 orbs of fire (Zot:5)
  4 juggernauts (Depths:3)
  Mennas (Vaults:5)
  3 Killer Klowns
  Bai Suzhen (Depths:2)
  A curse toe (Zot:3)
  7 golden dragons
  2 Tzitzimimeh
  2 pearl dragons (Depths:1)
  An electric golem (Zot:5)
  Jorgrun (D:14)
  5 Orb Guardians (Zot:5)
  A walking crystal tome (Depths:3)
  2 liches
  Mlioglotl (Shoals:4)
  A walking earthen tome (Depths:3)
  An Ice Fiend (D:8)
  5 tentacled monstrosities
  2 walking frostbound tomes
  2 titans
  3 quicksilver dragons
  6 sphinxes
  A death cob (Zot:5)
  6 shadow dragons
  7 tengu reavers
  4 storm dragons
  Donald (Snake:1)
  9 fire giants
  4 nagarajas
  A draconian shifter (Depths:4)
  Kirke (Snake:1)
  3 draconian monks
  A draconian scorcher (Depths:4)
  13 frost giants
  5 vault wardens
  A draconian knight (Depths:4)
  Louise (Snake:3)
  3 iron dragons
  An orc warlord (Vaults:1)
  5 ironbound preservers
  2 balrugs
  3 draconian stormcallers
  2 reapers (Depths:4)
  A draconian annihilator (Depths:4)
  14 very ugly things
  2 ophanim (Depths:1)
  4 ironbound thunderhulks (Vaults:4)
  3 vampire knights (Depths:3)
  2 apis (Depths:1)
  19 stone giants
  3 green draconians
  Nessos (Lair:5)
  8 dire elephants
  9 black draconians
  2 spark wasps
  A red draconian (Depths:4)
  3 war gargoyles
  A minotaur (Shoals:1)
  2 purple draconians
  A white draconian (Depths:4)
  3 yellow draconians
  2 merfolk javelineers
  5 merfolk impalers
  14 ettins
  10 fire dragons
  Harold (D:10)
  A peacekeeper (Vaults:1)
  10 vault guards
  5 hydras
  A deep elf high priest (Vaults:5)
  An entropy weaver (Vaults:4)
  6 yaktaur captains
  6 rakshasas
  A hell beast (Depths:2)
  2 salamander tyrants (Snake:4)
  A merfolk avatar (Shoals:2)
  A catoblepas (Shoals:3)
  6 ironbound frosthearts
  5 centaur warriors
  7 ice dragons
  13 anacondas
  3 two-headed ogres
  3 ogre magi (Vaults:5)
  5 satyrs
  2 boulder beetles
  4 tengu warriors
  6 deep troll earth magi
  9 naga warriors
  10 deep troll shamans
  5 vampire magi
  4 hell hogs (Depths:4)
  3 orc high priests
  9 naga sharpshooters
  An occultist (Depths:1)
  5 death yaks
  4 shock serpents
  5 sun demons
  7 hell knights
  3 soul eaters (Depths:4)
  9 spriggan berserkers
  A titan skeleton (Depths:1)
  7 iron trolls
  10 skeletal warriors
  A shadow wraith (Depths:4)
  3 skysharks
  2 spectral death yaks (Lair:5)
  6 salamander mystics
  A spectral anaconda (Lair:5)
  2 quicksilver dragon simulacra (Depths:4)
  26 deep trolls
  A spriggan rider (Depths:4)
  An arcanist (Vaults:3)
  A glowing orange brain (shapeshifter) (Vaults:5)
  8 mana vipers
  2 flayed ghosts (Depths:3)
  7 sea snakes
  2 obsidian statues
  6 naga ritualists
  10 ironbound convokers
  5 lindwurms
  4 glowing orange brains (Depths:3)
  10 harpies
  5 orc knights
  7 necromancers
  3 phantasmal warriors (Vaults:5)
  3 orc sorcerers
  12 fauns
  9 salamanders
  6 cyclopes
  4 manticores
  21 ugly things
  5 moths of wrath
  3 meliai (Shoals:1)
  A fire giant skeleton (Depths:1)
  20 naga magi
  32 black mambas
  A dire elephant zombie (Lair:5)
  3 merfolk sirens
  An ice statue (Depths:4)
  A kobold blastminer (Orc:1)
  6 guardian serpents
  2 rust devils
  12 cane toads
  2 water nymphs
  20 elephants
  A torpor snail (shapeshifter) (Vaults:5)
  9 vault sentinels
  A black mamba (shapeshifter) (D:15)
  A torpor snail (Lair:5)
  Jeremiah (D:8)
  5 kobold demonologists
  A freezing wraith (Depths:4)
  10 komodo dragons
  A hellion (Depths:2)
  A rime drake (Lair:5)
  19 yaktaurs
  An ice devil (Depths:4)
  2 tengu conjurers
  2 efreet
  A spark wasp simulacrum (Depths:1)
  8 merfolk
  A troll (D:11)
  A wind drake (Shoals:4)
  6 polar bears
  Prince Ribbit (D:8)
  A glass eye (Depths:3)
  28 blink frogs
  A glass eye (shapeshifter) (Depths:3)
  8 dream sheep
  A snapping turtle (shapeshifter) (Depths:3)
  2 snapping turtles
  Sigmund (D:3)
  3 slime creatures
  A spriggan skeleton (Depths:1)
  3 vampires
  A shadow (D:11)
  9 wyverns
  A warg (shapeshifter) (D:15)
  46 yaks
  A small abomination (D:12)
  3 humans (Snake:1)
  6 water elementals
  Grum (D:8)
  4 basilisks
  A redback (Vaults:3)
  6 vampire mosquitoes
  An acid dragon (D:11)
  40 nagas
  2 hell hounds (Depths:2)
  8 nameless horrors
  12 orc warriors
  20 water moccasins
  An elephant zombie (Lair:5)
  2 ice beasts
  3 sky beasts
  3 black bears
  An ettin simulacrum (Depths:4)
  5 ogres
  2 laughing skulls (D:15)
  5 boggarts
  7 centaurs (D:11)
  An elephant skeleton (Lair:5)
  5 wolves
  12 bullfrogs
  3 kobold brigands
  5 elf zombies (Ossuary)
  Blork the orc (D:5)
  5 scorpions
  A gnoll sergeant (D:7)
  2 cane toad simulacra (Lair:5)
  3 wights
  3 jellies
  2 elephant simulacra (Lair:5)
  10 killer bees
  3 howler monkeys
  A spectral centaur (D:10)
  4 electric eels
  5 centaur zombies
  4 bombardier beetles
  2 human zombies (Ossuary)
  4 hounds
  A spectral scorpion (Ossuary)
  2 gnoll boudas
  21 orc priests
  6 centaur skeletons
  6 iguanas
  2 sleepcaps (D:6)
  Natasha (twice) (D:4)
  14 orc wizards
  4 hell rats (Lair:3)
  A boggart skeleton (D:15)
  3 mummies (Ossuary)
  17 gnolls
  15 adders
  A shadow imp (D:6)
  A white imp (D:5)
  3 dart slugs
  2 ribbon worms (D:4)
  The ghost of DeathSocks the Sneak, a weakling VSDe (D:7)
  47 orcs
  10 ball pythons
  6 bats
  12 endoplasms
  5 giant cockroaches
  14 goblins
  6 hobgoblins
  8 jackals
  4 quokkas
  3 frilled lizards
  27 kobolds
  A rat (D:3)
  7 foxfires
  6 tentacles (Shoals:4)
1354 creatures vanquished.

Vanquished Creatures (collateral kills)
  A dread lich (Zot:5)
  An ancient lich (Vaults:3)
  A juggernaut (Depths:3)
  A Killer Klown (Zot:5)
  Saint Roka (Depths:1)
  2 golden dragons
  An electric golem (Zot:5)
  3 liches
  A tentacled monstrosity (Vaults:4)
  6 Orb Guardians (Zot:5)
  A walking divine tome (Depths:3)
  5 titans (Vaults:5)
  2 quicksilver dragons
  2 sphinxes
  A kraken (Shoals:4)
  Polyphemus (Shoals:4)
  2 storm dragons
  9 tengu reavers
  A fenstrider witch (Shoals:4)
  A shadow dragon (Vaults:5)
  Aizul (Shoals:3)
  12 vault wardens
  2 fire giants
  A nagaraja (Snake:4)
  2 iron dragons
  A draconian scorcher (Depths:4)
  6 frost giants
  11 ironbound preservers
  A spriggan defender (Depths:3)
  6 very ugly things
  2 draconian stormcallers
  An orc warlord (Vaults:3)
  8 ironbound thunderhulks
  A formless jellyfish (Vaults:3)
  10 stone giants
  3 green draconians
  5 black draconians
  2 yellow draconians (Zot:5)
  2 purple draconians (Depths:4)
  4 white draconians
  6 dire elephants
  A blizzard demon (Depths:4)
  7 ettins
  2 deep elf high priests
  An entropy weaver (Vaults:3)
  3 merfolk impalers
  7 yaktaur captains
  2 salamander tyrants (Snake:4)
  6 great orbs of eyes
  27 vault guards
  6 hydras
  6 ironbound frosthearts
  5 ice dragons
  A spriggan air mage (Depths:4)
  3 centaur warriors
  An alligator snapping turtle (Shoals:4)
  A naga warrior (Snake:4)
  4 boulder beetles
  2 satyrs (Shoals:3)
  2 deep troll shamans (Depths:3)
  2 tengu warriors (Depths:3)
  3 merfolk aquamancers
  2 hell hogs (Depths:4)
  2 death yaks (Shoals:4)
  3 hell knights
  3 naga sharpshooters (Snake:4)
  2 spriggan berserkers
  Sonja (D:13)
  A shadow wraith (Depths:4)
  A salamander mystic (Snake:4)
  3 skysharks
  An iron troll (Depths:1)
  23 deep trolls
  A spriggan rider (Depths:4)
  A mana viper (Snake:4)
  11 sea snakes
  2 naga ritualists (Snake:4)
  A glowing orange brain (shapeshifter) (Vaults:3)
  A phantasmal warrior (Vaults:5)
  2 orb spiders (shapeshifter)
  8 ironbound convokers
  7 lindwurms
  7 arcanists
  A necromancer (Vaults:3)
  9 harpies
  5 orc knights
  6 salamanders (Snake:4)
  6 cyclopes
  15 fauns
  20 ugly things
  11 manticores
  6 merfolk sirens
  A black mamba (shapeshifter) (Vaults:5)
  An elephant (Shoals:1)
  2 moths of wrath (Zot:1)
  A water nymph (shapeshifter) (Vaults:5)
  A guardian serpent (Snake:4)
  2 black mambas (Snake:4)
  4 naga magi (Snake:4)
  4 water nymphs
  14 vault sentinels
  2 freezing wraiths
  An ice devil (Depths:4)
  17 yaktaurs
  2 tengu conjurers (D:15)
  A troll (Orc:1)
  A merfolk (shapeshifter) (Depths:3)
  A hornet (Depths:4)
  3 wind drakes
  21 merfolk
  A wolf spider simulacrum (D:15)
  4 dream sheep (Shoals:2)
  2 glass eyes (Depths:3)
  7 snapping turtles
  31 slime creatures
  2 wraiths
  6 water elementals
  A spriggan (Depths:4)
  2 wargs (Orc:2)
  2 vampire mosquitoes (D:12)
  An acid dragon (D:12)
  5 nagas (Snake:4)
  A hell hound (Depths:2)
  6 nameless horrors
  11 orc warriors
  3 ettin simulacra (Depths:4)
  An ogre (Orc:2)
  3 centaurs
  4 orc priests
  6 orc wizards
  A hell rat (Depths:2)
  13 orcs
  43 foxfires
  A tentacle (Shoals:4)
620 creatures vanquished.

Vanquished Creatures (others)
  A dread lich (Zot:5)
  3 orbs of fire (Zot:5)
  A Killer Klown (Zot:5)
  13 Orb Guardians (Zot:5)
  2 tentacled monstrosities
  2 death cobs (Zot:5)
  A draconian shifter (Zot:1)
  A draconian monk (Zot:2)
  A draconian scorcher (Zot:5)
  A very ugly thing (Depths:3)
  A purple draconian (Zot:2)
  A salamander tyrant (Snake:4)
  An alligator snapping turtle (Shoals:4)
  A shadow wraith (Depths:4)
  A cyclops (Orc:2)
  2 moths of wrath (Zot:5)
  A small abomination (D:14)
  3 humans (Snake:1)
  A kobold brigand (D:7)
  1122 foxfires
  18 tentacles (Shoals:4)
1178 creatures vanquished.

Grand Total: 3152 creatures vanquished

Notes
Turn   | Place    | Note
-------+----------+-------------------------------------------
     0 | D:1      | whatisthis the Djinni Fire Elementalist began the quest for
                  | the Orb.
     0 | D:1      | whatisthis set off with the following spells memorised:
                  | Foxfire, Scorch, Volatile Blastmotes, Inner Flame, Flame
                  | Wave.
     0 | D:1      | Reached XP level 1. HP: 15/15 MP: 0/0
    55 | D:1      | Reached XP level 2. HP: 5/21 MP: 0/0
   138 | D:1      | Found Rueracw's Distillery.
   493 | D:1      | Reached XP level 3. HP: 23/25 MP: 0/0
   493 | D:1      | Learned a level 1 spell: Apportation
   625 | D:1      | Found a faded altar of an unknown god.
  1370 | D:2      | Reached XP level 4. HP: 25/31 MP: 0/0
  1554 | D:2      | Reached XP level 5. HP: 32/35 MP: 0/0
  1554 | D:2      | Learned a level 2 spell: Momentum Strike
  1716 | D:2      | Reached skill level 5 in Spellcasting
  1716 | D:2      | Reached skill level 5 in Conjurations
  1716 | D:2      | Reached skill level 5 in Hexes
  1716 | D:2      | Reached skill level 5 in Summonings
  1716 | D:2      | Reached skill level 5 in Necromancy
  1716 | D:2      | Reached skill level 5 in Translocations
  1716 | D:2      | Reached skill level 5 in Fire Magic
  1716 | D:2      | Reached skill level 5 in Ice Magic
  1716 | D:2      | Reached skill level 5 in Air Magic
  1716 | D:2      | Reached skill level 5 in Earth Magic
  1716 | D:2      | Reached skill level 5 in Alchemy
  2427 | D:3      | Reached XP level 6. HP: 35/40 MP: 0/0
  2477 | D:3      | Noticed Sigmund
  2504 | D:3      | Killed Sigmund
  2505 | D:3      | Reached XP level 7. HP: 21/45 MP: 0/0
  2505 | D:3      | Learned a level 2 spell: Ensorcelled Hibernation
  2595 | D:3      | Found an iron altar of Okawaru.
  2598 | D:3      | Found a shimmering altar of Xom.
  2603 | D:3      | Found a sparkling altar of Nemelex Xobeh.
  2640 | D:3      | Found an opulent altar of Gozag.
  2652 | D:3      | Became a worshipper of Gozag Ym Sagoz the Greedy
  3075 | D:3      | You are sucked into a shaft and drop 1 floor!
  3226 | D:4      | Noticed a water moccasin
  3228 | D:4      | Killed a water moccasin
  3235 | D:4      | Reached XP level 8. HP: 40/50 MP: 0/0
  4520 | D:4      | Noticed Natasha
  4524 | D:4      | Killed Natasha
  4547 | D:4      | Noticed Natasha
  4551 | D:4      | Killed Natasha
  4593 | D:5      | Entered Level 5 of the Dungeon
  4623 | D:5      | Found a sand-covered staircase.
  4627 | Ossuary  | Entered an ossuary
  4906 | Ossuary  | Reached XP level 9. HP: 28/55 MP: 0/0
  4906 | Ossuary  | Learned a level 3 spell: Sigil of Binding
  5178 | D:5      | Found a runed translucent door.
  5179 | D:5      | Noticed yleetSyT's ghost (novice FeWn)
  5270 | D:5      | Reached skill level 10 in Spellcasting
  5270 | D:5      | Reached skill level 10 in Conjurations
  5270 | D:5      | Reached skill level 10 in Hexes
  5270 | D:5      | Reached skill level 10 in Summonings
  5270 | D:5      | Reached skill level 10 in Necromancy
  5270 | D:5      | Reached skill level 10 in Translocations
  5270 | D:5      | Reached skill level 10 in Fire Magic
  5270 | D:5      | Reached skill level 10 in Ice Magic
  5270 | D:5      | Reached skill level 10 in Air Magic
  5270 | D:5      | Reached skill level 10 in Earth Magic
  5270 | D:5      | Reached skill level 10 in Alchemy
  5668 | D:5      | Found a staircase to the Ecumenical Temple.
  5685 | D:5      | Noticed Blork the orc
  5692 | D:5      | Killed Blork the orc
  6377 | D:6      | Found Kylea's Assorted Antiques.
  6382 | D:6      | Reached XP level 10. HP: 53/60 MP: 0/0
  6816 | D:6      | Reached skill level 1 in Fighting
  6816 | D:6      | Reached skill level 1 in Shields
  7159 | D:6      | Found a runed translucent door.
  7160 | D:6      | Noticed Crazy Yiuf
  8054 | D:7      | Noticed DeathSocks's ghost (weakling VSDe)
  8084 | D:7      | Found a runed translucent door.
  8171 | D:7      | Found an ornate altar of the Wu Jian Council.
  8187 | D:7      | Identified the +8 great sword of Wrath {antimagic, rElec
                  | rPois rC- Dex+2}
  8188 | D:7      | Identified the +3 quarterstaff of the Baleful God {speed,
                  | +Blink rCorr Int+2}
  8691 | D:7      | Identified the +1 halberd of Makhleb's Hope {freeze, Str+2}
  8770 | D:7      | Killed DeathSocks's ghost
  8893 | D:8      | Noticed Prince Ribbit
  8899 | D:8      | Killed Prince Ribbit
  8979 | D:8      | Noticed Grum
  9010 | D:8      | Killed Grum
  9011 | D:8      | Reached skill level 5 in Dodging
  9397 | D:8      | Identified the +2 robe "Zefeq" {rElec}
  9497 | D:8      | Noticed Jeremiah
  9505 | D:8      | Reached XP level 11. HP: 52/74 MP: 0/0
  9505 | D:8      | Learned a level 5 spell: Lee's Rapid Deconstruction
  9523 | D:8      | Killed Jeremiah
  9756 | D:8      | Reached skill level 5 in Fighting
  9756 | D:8      | Reached skill level 5 in Shields
 10374 | D:8      | Found a glowing golden altar of the Shining One.
 10374 | D:8      | Found a hazy altar of Hepliaklqana.
 11039 | D:9      | Noticed a cyan ugly thing
 11046 | D:9      | Killed a cyan ugly thing
 11850 | D:10     | Entered Level 10 of the Dungeon
 12124 | D:10     | Noticed Harold
 12322 | D:10     | Found a staircase to the Lair.
 12597 | D:10     | Noticed a two-headed ogre
 12602 | D:10     | Killed a two-headed ogre
 12673 | D:10     | Noticed a tengu warrior
 12695 | D:10     | Killed a tengu warrior
 12701 | D:10     | Reached XP level 12. HP: 54/85 MP: 0/0
 13027 | D:10     | Killed Harold
 14836 | D:11     | Noticed a two-headed ogre
 14843 | D:11     | Killed a two-headed ogre
 15615 | Lair:1   | Entered Level 1 of the Lair of Beasts
 16220 | Lair:1   | Reached skill level 10 in Dodging
 17038 | Lair:2   | Reached XP level 13. HP: 62/94 MP: 0/0
 17038 | Lair:2   | Learned a level 5 spell: Curse of Agony
 17871 | Lair:2   | Reached skill level 10 in Fighting
 17871 | Lair:2   | Reached skill level 10 in Shields
 18652 | Lair:2   | You are sucked into a shaft and drop 2 floors!
 18903 | Lair:2   | Found a staircase to the Shoals.
 19665 | Lair:3   | Found a staircase to the Snake Pit.
 20701 | Lair:3   | Reached XP level 14. HP: 78/103 MP: 0/0
 25215 | Lair:5   | Entered Level 5 of the Lair of Beasts
 26008 | Lair:5   | Identified the +2 cloak "Ovyad" {rPois rF+ Will- Str+2}
 26048 | Lair:5   | Found a viscous altar of Jiyva.
 26049 | Lair:5   | Found a staircase to the Slime Pits.
 26089 | Lair:5   | Noticed Nessos
 26098 | Lair:5   | Killed Nessos
 26942 | Lair:5   | Noticed a dire elephant
 26942 | Lair:5   | Noticed a dire elephant
 26942 | Lair:5   | Noticed a dire elephant
 26985 | Lair:5   | Killed a dire elephant
 26986 | Lair:5   | Reached XP level 15. HP: 23/109 MP: 0/0
 26986 | Lair:5   | Learned a level 6 spell: Dispersal
 29330 | Lair:4   | Upgraded the game from 0.32-a0-290-g598725c5f2 to
                  | 0.32-a0-306-gfed3edf829
 29416 | Snake:1  | Entered Level 1 of the Snake Pit
 29791 | Snake:1  | Noticed Kirke
 29799 | Snake:1  | Killed Kirke
 29801 | Snake:1  | Reached skill level 15 in Spellcasting
 29801 | Snake:1  | Reached skill level 15 in Conjurations
 29801 | Snake:1  | Reached skill level 15 in Hexes
 29801 | Snake:1  | Reached skill level 15 in Summonings
 29801 | Snake:1  | Reached skill level 15 in Necromancy
 29801 | Snake:1  | Reached skill level 15 in Translocations
 29801 | Snake:1  | Reached skill level 15 in Fire Magic
 29801 | Snake:1  | Reached skill level 15 in Ice Magic
 29801 | Snake:1  | Reached skill level 15 in Air Magic
 29801 | Snake:1  | Reached skill level 15 in Earth Magic
 29801 | Snake:1  | Reached skill level 15 in Alchemy
 30419 | Snake:1  | Noticed Donald
 30429 | Snake:1  | Killed Donald
 30819 | Snake:2  | Noticed a nagaraja
 30828 | Snake:2  | Killed a nagaraja
 31205 | Snake:2  | Reached XP level 16. HP: 80/115 MP: 0/0
 32712 | Snake:3  | Noticed Louise
 32806 | Snake:3  | Found Loykhlod's Armour Emporium.
 32816 | Snake:3  | Found Rihemp's Armour Shoppe.
 33036 | Snake:3  | Killed Louise
 33674 | Snake:3  | Bought the +4 cloak of Meatep {SInv} for 535 gold pieces
 33682 | Snake:3  | Bought the +1 robe of Vines {NoPotionHeal Regen++++} for
                  | 1040 gold pieces
 33682 | Snake:3  | Found the +1 robe of Vines {NoPotionHeal Regen++++}
 33711 | Snake:4  | Entered Level 4 of the Snake Pit
 33717 | Snake:4  | Found a glacial archway.
 33830 | Snake:4  | Noticed a nagaraja
 33839 | Snake:4  | Killed a nagaraja
 33892 | Snake:4  | Reached XP level 17. HP: 123/123 MP: 0/0
 33892 | Snake:4  | Learned a level 7 spell: Monstrous Menagerie
 34032 | Snake:4  | Identified a scroll of acquirement
 34044 | Snake:4  | Acquired 782 gold pieces
 34622 | Snake:4  | Got a serpentine rune of Zot
 35119 | Shoals:1 | Entered Level 1 of the Shoals
 35362 | Shoals:1 | Reached XP level 18. HP: 133/133 MP: 0/0
 35575 | Shoals:1 | Reached skill level 15 in Dodging
 35639 | Shoals:1 | Found a hide-covered altar of Uskayaw.
 35704 | Shoals:1 | Identified the +6 arbalest "Qikyakhi" {antimagic, rPois
                  | Dex+4}
 35927 | Shoals:1 | Identified the +1 short sword "Djinni's Curse" {heavy, rN+
                  | rCorr Stlth+}
 37274 | Shoals:3 | Found Bexessis's Magic Scroll Shoppe.
 37286 | Shoals:3 | Bought a scroll of revelation for 82 gold pieces
 37286 | Shoals:3 | Bought a scroll of fear for 44 gold pieces
 37286 | Shoals:3 | Bought a scroll of revelation for 82 gold pieces
 37286 | Shoals:3 | Bought a scroll of blinking for 82 gold pieces
 37286 | Shoals:3 | Bought a scroll of identify for 22 gold pieces
 37286 | Shoals:3 | Bought a scroll of identify for 22 gold pieces
 37286 | Shoals:3 | Bought a scroll of teleportation for 33 gold pieces
 38398 | Shoals:4 | Entered Level 4 of the Shoals
 38553 | Shoals:4 | Noticed Polyphemus
 38622 | Shoals:4 | Identified the serpent talisman "Jethy" {rF++ rN+}
 38622 | Shoals:4 | Noticed Aizul
 38649 | Shoals:3 | Killed Aizul
 38705 | Shoals:4 | Reached XP level 19. HP: 140/142 MP: 0/0
 38705 | Shoals:4 | Learned a level 6 spell: Eringya's Noxious Bog
 38911 | Shoals:4 | Identified the +3 fire dragon scales "Biehod Quco"
                  | {*Corrode rF++ rC- Will- Regen+ Dex+7}
 38920 | Shoals:4 | Found the +2 pair of slick slippers {slick, slippery, EV+4}
 38987 | Shoals:4 | Reached skill level 15 in Fighting
 38987 | Shoals:4 | Reached skill level 15 in Shields
 39235 | Shoals:4 | Killed Polyphemus
 39259 | Shoals:4 | Noticed Mlioglotl
 39269 | Shoals:4 | Killed Mlioglotl
 39451 | Shoals:4 | Got a barnacled rune of Zot
 40495 | D:12     | Found a staircase to the Orcish Mines.
 40936 | D:13     | Found a gate to the Vaults.
 40972 | D:13     | Noticed Sonja
 40982 | D:13     | Killed Sonja
 41841 | D:14     | Found a bloodstained altar of Trog.
 42065 | D:14     | Noticed Jorgrun
 42076 | D:14     | Killed Jorgrun
 42272 | D:15     | Entered Level 15 of the Dungeon
 42870 | D:15     | Found a staircase to the Depths.
 43132 | D:15     | Acquired the +1 cloak of the Lair of Beasts {Regen+ Int+3
                  | Slay+2}
 43267 | Orc:1    | Entered Level 1 of the Orcish Mines
 43334 | Orc:2    | Entered Level 2 of the Orcish Mines
 43406 | Orc:2    | Found a staircase to the Elven Halls.
 43449 | Orc:2    | Found Ravoliti's Antique Armour Emporium.
 43598 | Orc:2    | Found Budu's Jewellery Shoppe.
 43751 | Orc:2    | Reached XP level 20. HP: 145/153 MP: 0/0
 43797 | Orc:2    | Found Noclidom's General Store.
 43805 | Orc:2    | Bought a scroll of summoning for 161 gold pieces
 43805 | Orc:2    | Bought a scroll of teleportation for 51 gold pieces
 43805 | Orc:2    | Bought a potion of haste for 170 gold pieces
 43805 | Orc:2    | Bought a scroll of enchant armour for 127 gold pieces
 43828 | Orc:2    | Found Paolen's Antique Weapon Boutique.
 44539 | Vaults:1 | Entered Level 1 of the Vaults
 45395 | Vaults:1 | Found Voliwino's Jewellery Shoppe.
 45855 | Vaults:2 | Found Gomaohoag's General Store.
 46045 | Vaults:2 | Found Sahero Lekh's Magic Scroll Shop.
 46053 | Vaults:2 | Bought a scroll of blinking for 157 gold pieces
 46053 | Vaults:2 | Bought a scroll of enchant armour for 157 gold pieces
 46053 | Vaults:2 | Bought a scroll of fear for 84 gold pieces
 46053 | Vaults:2 | Bought a scroll of blinking for 157 gold pieces
 46173 | Vaults:2 | Reached XP level 21. HP: 144/163 MP: 0/0
 46173 | Vaults:2 | Learned a level 8 spell: Lehudib's Crystal Spear
 46319 | Vaults:2 | Found Axoonal's Antique Weapon Emporium.
 46895 | Vaults:2 | Found Jothra's Book Boutique.
 46988 | Vaults:2 | Found Duutach's Book Shoppe.
 47367 | Vaults:3 | Found Wuozaca's Antique Weapon Boutique.
 47399 | Vaults:3 | Found a runed translucent gate.
 47399 | Vaults:3 | Found a runed translucent gate.
 47399 | Vaults:3 | Found a runed translucent gate.
 47514 | Vaults:3 | Found a staircase to the Crypt.
 47514 | Vaults:3 | Found a basalt altar of Yredelemnul.
 47857 | Vaults:3 | Found Dessump's Weapon Shoppe.
 47857 | Vaults:3 | Noticed an ancient lich
 47869 | Vaults:3 | Killed an ancient lich
 48599 | Vaults:4 | Reached XP level 22. HP: 170/170 MP: 0/0
 48803 | Vaults:4 | Found a runed translucent door.
 48803 | Vaults:4 | Noticed Qecvurom's ghost (adept DrRe)
 49258 | Vaults:4 | Found Oshrarra's Antique Weapon Boutique.
 49698 | Vaults:4 | Identified the +5 scale mail "Foebbaj" {rElec rF+ Stlth-}
 50133 | Depths:1 | Entered Level 1 of the Depths
 50156 | Depths:1 | Noticed Saint Roka
 50176 | Depths:1 | Killed Saint Roka
 50330 | Depths:1 | Found a gateway to Hell.
 50621 | Depths:1 | Acquired the -2 hat of the Alchemist {rElec rPois rF+ rC+
                  | rN+ Will+ rMut rCorr}
 50621 | Depths:1 | Found the -2 hat of the Alchemist {rElec rPois rF+ rC+ rN+
                  | Will+ rMut rCorr}
 50657 | Depths:1 | Reached XP level 23. HP: 176/176 MP: 0/0
 50657 | Depths:1 | Learned a level 8 spell: Summon Horrible Things
 50839 | Depths:1 | Found a glowing golden altar of the Shining One.
 50839 | Depths:1 | Found a white marble altar of Elyvilon.
 50839 | Depths:1 | Found a glowing silver altar of Zin.
 51200 | Depths:1 | Found Uxtoes's General Store.
 51203 | Depths:1 | Bought a scroll of teleportation for 48 gold pieces
 51203 | Depths:1 | Bought a scroll of summoning for 152 gold pieces
 51241 | Depths:2 | Noticed Bai Suzhen
 51373 | Depths:2 | Killed Bai Suzhen
 51765 | Depths:2 | Found a one-way gate to the infinite horrors of the Abyss.
 52034 | Depths:2 | Found a one-way gate leading to the halls of Pandemonium.
 52311 | Depths:2 | Noticed Vv
 52426 | Hell     | Entered the Vestibule of Hell
 52426 | Hell     | Noticed Geryon
 52549 | Depths:3 | Reached XP level 24. HP: 168/183 MP: 0/0
 52609 | Depths:3 | Identified the ring "Wonued" {Fire Str+5 Int+3 SInv Stlth-}
 52652 | Depths:3 | Noticed a golden dragon
 52658 | Depths:3 | Killed a golden dragon
 52675 | Depths:3 | Noticed a juggernaut
 52678 | Depths:3 | Killed a juggernaut
 52695 | Depths:3 | Noticed a juggernaut
 52702 | Depths:3 | Killed a juggernaut
 52706 | Depths:3 | Noticed a juggernaut
 52719 | Depths:3 | Killed a juggernaut
 52736 | Depths:3 | Noticed a juggernaut
 52749 | Depths:3 | Killed a juggernaut
 52760 | Depths:3 | Noticed a juggernaut
 52784 | Depths:3 | Killed a juggernaut
 52915 | Depths:3 | Identified the death talisman of Eghuazah {rElec rCorr
                  | Dex-4 Stlth-}
 53077 | Depths:3 | Noticed a golden dragon
 53087 | Depths:3 | Killed a golden dragon
 53160 | Depths:3 | Noticed a golden dragon
 53162 | Depths:3 | Killed a golden dragon
 53551 | Depths:3 | Noticed a golden dragon
 53566 | Depths:3 | Killed a golden dragon
 53699 | Depths:3 | Noticed a golden dragon
 53702 | Depths:3 | Killed a golden dragon
 53703 | Depths:3 | Reached XP level 25. HP: 168/193 MP: 0/0
 53703 | Depths:3 | Learned a level 8 spell: Infestation
 53734 | Depths:3 | Identified the ring "Babewn" {Fly Int+5}
 53734 | Depths:3 | Identified the +4 short sword "Xiquotoy" {flame, rF+ Str+3
                  | Int+2}
 53734 | Depths:3 | Identified the ring of Iptomux {Ice Will+ Int-3 Dex+3 SInv}
 53801 | Depths:3 | Found a burning altar of Makhleb.
 53816 | Depths:3 | Found a runed translucent door.
 53818 | Depths:3 | Found a runed translucent door.
 53819 | Depths:3 | Found a runed translucent door.
 53921 | Depths:3 | Found a runed translucent door.
 53926 | Depths:3 | Noticed a caustic shrike
 54003 | Depths:3 | Identified the staff of Yhuocost {*Slow rPois Int+3 Ice
                  | Alchemy}
 54280 | Depths:3 | Identified the ring of Elyvilon's Hope {rPois rC+ Str+4
                  | Int-5 SInv}
 54633 | Depths:4 | Entered Level 4 of the Depths
 54961 | Depths:4 | Identified the +3 scale mail of Mutualism {rElec Dex+3}
 54966 | Depths:4 | Found a sacrificial altar of Ru.
 55345 | Depths:4 | Found a blossoming altar of Fedhas.
 55391 | Depths:4 | Found a gate to the Realm of Zot.
 55643 | Depths:4 | Found a hide-covered altar of Uskayaw.
 55825 | Depths:4 | Found an ornate altar of the Wu Jian Council.
 55825 | Depths:4 | Found a one-way gateway to a ziggurat.
 56222 | Vaults:5 | Entered Level 5 of the Vaults
 56240 | Vaults:5 | Reached XP level 26. HP: 143/202 MP: 0/0
 56329 | Vaults:5 | Killed a dread lich
 56332 | Vaults:5 | Noticed Mennas
 56357 | Vaults:5 | Identified the ring of Ural Loa {rPois rN+ Will+ rCorr
                  | Str-3}
 56361 | Vaults:5 | Killed Mennas
 56427 | Vaults:5 | Noticed an ancient lich
 56451 | Vaults:5 | Killed an ancient lich
 56495 | Vaults:5 | Noticed a dread lich
 56660 | Vaults:5 | Noticed a dread lich
 56668 | Vaults:5 | Killed a dread lich
 56723 | Vaults:5 | Found Luojamiu's Magic Scroll Shoppe.
 56738 | Vaults:5 | Bought a scroll of blinking for 150 gold pieces
 56738 | Vaults:5 | Bought a scroll of teleportation for 60 gold pieces
 56738 | Vaults:5 | Bought a scroll of fog for 80 gold pieces
 56738 | Vaults:5 | Bought a scroll of teleportation for 60 gold pieces
 56738 | Vaults:5 | Bought a scroll of fog for 80 gold pieces
 56741 | Vaults:5 | Got a silver rune of Zot
 57045 | Vaults:5 | Killed a dread lich
 57255 | Vaults:5 | Found Hyleofoc's Distillery.
 57265 | Vaults:5 | Bought a potion of brilliance for 72 gold pieces
 57265 | Vaults:5 | Bought a potion of haste for 180 gold pieces
 57265 | Vaults:5 | Bought a potion of brilliance for 72 gold pieces
 57866 | Zot:1    | Entered Level 1 of the Realm of Zot
 57996 | Zot:3    | Noticed a curse toe
 58005 | Zot:3    | Noticed a curse toe
 58035 | Zot:3    | Noticed a Killer Klown
 58040 | Zot:3    | Killed a Killer Klown
 58086 | Zot:5    | Entered Level 5 of the Realm of Zot
 58097 | Zot:5    | Reached XP level 27. HP: 161/211 MP: 0/0
 58097 | Zot:5    | Learned a level 9 spell: Dragon's Call
 58251 | Zot:5    | Got a prismatic gem with 618 turns to spare
 58263 | Zot:5    | Found the +8 demon blade "Leech" {evervamp, Harm ^Drain
                  | rN+}
 58267 | Zot:5    | Noticed a dread lich
 58268 | Zot:5    | Noticed a dread lich
 58273 | Zot:5    | Killed a dread lich
 58291 | Zot:5    | Killed a dread lich
 58305 | Zot:5    | Noticed a dread lich
 58309 | Zot:5    | Noticed an orb of fire
 58309 | Zot:5    | Noticed a Killer Klown
 58316 | Zot:5    | Noticed an orb of fire
 58316 | Zot:5    | Noticed an orb of fire
 58317 | Zot:5    | Noticed an orb of fire
 58322 | Zot:5    | Killed a dread lich
 58324 | Zot:5    | Killed a Killer Klown
 58329 | Zot:5    | Killed a Killer Klown
 58330 | Zot:5    | Killed an orb of fire
 58334 | Zot:5    | Noticed an orb of fire
 58342 | Zot:5    | Noticed a dread lich
 58343 | Zot:5    | Noticed an orb of fire
 58344 | Zot:5    | Noticed an orb of fire
 58348 | Zot:5    | Killed a dread lich
 58348 | Zot:5    | Noticed an orb of fire
 58355 | Zot:5    | Killed an orb of fire
 58359 | Zot:5    | Killed an orb of fire
 58364 | Zot:5    | Killed an orb of fire
 58366 | Zot:5    | Killed an orb of fire
 58369 | Zot:5    | Killed an orb of fire
 58381 | Zot:5    | Noticed a dread lich
 58384 | Zot:5    | Killed a dread lich
 58397 | Zot:5    | Noticed a Killer Klown
 58404 | Zot:5    | Killed an orb of fire
 58407 | Zot:5    | Noticed a Killer Klown
 58409 | Zot:5    | Killed a Killer Klown
 58414 | Zot:5    | Killed a Killer Klown
 58453 | Zot:5    | Identified the ring of Lusmyl Lyba {rF+ rC+ Stlth+}
 58800 | Zot:5    | Got the Orb of Zot
 59074 | D:14     | Noticed Omint the pandemonium lord
 59117 | D:13     | Noticed Xoim the pandemonium lord
 59138 | D:13     | Noticed Vumatwy the pandemonium lord
 59241 | D:8      | Noticed Sizoirec the pandemonium lord
 59450 | D:$      | Escaped with the Orb!

Illustrated notes

Levels and vault maps discovered:
D:1:      lightli_arrival_farm, layout_basic, basic_ecumenical_altar,
          serial_shops, nicolae_shop_trees, chequers_serial_rivers_small_b
D:2:      layout_loops_cross, minmay_snake_closets
D:3:      layout_loops_ring, grunt_temple_overflow_cloverleaf, minivault_27,
          uniq_sigmund
D:4:      minmay_angry_zag, layout_rooms, kennysheep_mini_moat, st_stairs_10,
          nicolae_the_louvre, uniq_natasha
D:5:      layout_basic, minmay_temple_entry_wispy, ebering_ghost_sewer_d,
          lightli_ossuary_entry_decrepit_ruins, uniq_blork_the_orc
D:6:      layout_basic, serial_shops, shop, uniq_crazy_yiuf_cottage
D:7:      layout_loops_cross, nicolae_wu_jian_glorious_leap,
          hellmonk_ghost_happy_afterlife, dk_noncrumbling_2
D:8:      layout_gridville, gammafunk_temple_overflow_wave, uniq_grum,
          uniq_jeremiah, uniq_prince_ribbit1
D:9:      layout_gridville, lightli_bailey_entry_fortress
D:10:     layout_rooms, lair_entry_dummy, hangedman_weighted_door, uniq_harold
D:11:     layout_layer_cave
D:12:     layout_loops_ring, david_orc_4, fiery_altar_vehumet
D:13:     layout_stronghold, david_vaults_2, uniq_sonja
D:14:     layout_rooms, basic_altar, uniq_jorgrun
D:15:     grunt_enter_depths_magical_seal, layout_irregular_city,
          hangedman_decor_opposing
Lair:1:   layout_cave_pods, minmay_hedge_maze
Lair:2:   layout_loops_ring, elwin_shoals_entry_rooms,
          infiniplex_staircase_pool, serial_bayou_shore_a
Lair:3:   layout_layer_cave, alex1729_snake_entry_snake,
          nicolae_quartered_pool_little, serial_bayou_pond_a,
          beast_lair_carwin_10
Lair:4:   layout_regular_city, enter_volcano_4
Lair:5:   due_jungle_book, layout_cellular_growth, slime_entry_1, st_stairs_10,
          chequers_serial_rivers_marsh, kilobyte_rumbling_trees, uniq_nessos
Shoals:1: layout_shoals, regret_index_shoals_crete
Shoals:2: layout_shoals
Shoals:3: cheibrodos_shoals_satyrical_garden, layout_shoals, serial_shops, shop
Shoals:4: shoals_end_grunt_garden, layout_shoals,
          nicolae_shoals_beach_house_on_fowls_legs, uniq_aizul, uniq_mlioglotl,
          uniq_polyphemus
Snake:1:  layout_rooms, grunt_ministairs_3, uniq_donald, uniq_kirke
Snake:2:  hangedman_cross_stitches, layout_onion, nicolae_snake_biting_tails,
          lemuel_fruit_tree
Snake:3:  nicolae_snake_unarmed_stairs_patrol, layout_basic,
          serial_bayou_pond_d, minmay_shoptagon, grunt_megastairs_1, uniq_louise
Snake:4:  snake_pit, layout_grid_shapes, portal_ice_cave_entry_pillars_1
Orc:1:    layout_diamond_mine, uniq_erica
Orc:2:    grunt_orc_gardens, layout_caves, grunt_orc_garden, grunt_orc_garden,
          grunt_orc_garden, grunt_orc_garden
Vaults:1: v_pattern_5, nicolae_vaults_tetromino_Z_2,
          hangedman_vaults_corner_blocks, hangedman_vaults_capsules,
          ontoclasm_vaults_hangar, st_spiral_rooms, hangedman_vaults_nodes,
          nicolae_vaults_angled_halls, v_misc_14, v_misc_12,
          vaults_standard_mumra_lines, nicolae_vaults_trapezoid_lopsided_3,
          layout_vaults_maze_snakey, serial_shops, nicolae_shop_tiny_glass
Vaults:2: nicolae_vaults_layer_cake_slice, hangedman_vaults_snaps,
          nicolae_vaults_network_star, ontoclasm_vaults_ring_small,
          vaults_room_grunt_arrival_checkpoint, vaults_dpeg_hooks,
          ontoclasm_vaults_pinch, ontoclasm_vaults_loading_screen, v_misc_3,
          nicolae_vaults_little_squares_1, v_misc_27, v_misc_19, v_rooms_4,
          nicolae_vaults_tetromino_L_2, v_misc_22,
          nicolae_vaults_little_squares_3, layout_vaults_ring, serial_shops,
          nicolae_shop_hallway_stairs, nicolae_shop_tiny_statue_garden,
          nicolae_shop_competitors_out_of_business, shop,
          nicolae_shop_rolling_square
Vaults:3: mu_enter_wizlab_5, dpeg_vaults_monster_box,
          nicolae_vaults_circle_grid_b, ontoclasm_vaults_hangar,
          abrahamwl_protected_by_tso_3, ontoclasm_vaults_decontamination,
          v_misc_28, minmay_crypt_entry_necro_gods,
          nicolae_vaults_little_squares_6, v_misc_22, hangedman_vaults_slither,
          grunt_vaults_focal, vaults_dpeg_encased_lava,
          nicolae_vaults_network_periphery, nicolae_vaults_rhombus_5,
          nicolae_vaults_yaktaur_gun_rack, nicolae_vaults_asterisk,
          nicolae_vaults_mini_display_case, layout_vaults_omnibox, serial_shops,
          nicolae_shop_trees
Vaults:4: gammafunk_ghost_grave, nicolae_vaults_triangles,
          ontoclasm_vaults_idyll, dpeg_vaults_waves, vaults_mumra_hex,
          nicolae_vaults_house_2, vaults_room_pool, layout_vaults_omnigrid,
          serial_shops, nicolae_shop_behind_doors
Vaults:5: uniq_mennas
Depths:1: layout_gridlike, serial_bayou_pond_d, serial_shops, kennysheep_mini,
          hell_entry, chequers_big_river, hallowed_hall, serial_bayou_shore_b,
          uniq_saint_roka
Depths:2: minmay_inside_and_out, layout_cave_pools, abyss_entry_crystal,
          special_room [special_room_mythical_zoo], rand_demon_pan_entry_1,
          grunt_hell_entry_dis_grunt, hangedman_decor_clover_reticule,
          fake_guardian_serpent_vault, uniq_bai_suzhen, uniq_vv
Depths:3: minmay_the_grid_ultimate [minmay_the_grid_prize_diamond_cup,
          minmay_the_grid_prize_trominoes,
          minmay_the_grid_prize_shrinking_boxes,
          minmay_the_grid_prize_four_corners, minmay_the_grid_square_5x5_eight,
          minmay_the_grid_square_5x5_slash, minmay_the_grid_square_5x5_spiral,
          minmay_the_grid_square_5x5_bridge, minmay_the_grid_square_5x5_percent,
          minmay_the_grid_square_5x5_comb, minmay_the_grid_square_5x5_dogpile,
          minmay_the_grid_square_5x5_n_small,
          minmay_the_grid_square_5x5_minimal,
          minmay_the_grid_square_5x5_checkered_sparse,
          minmay_the_grid_square_5x5_corner,
          minmay_the_grid_square_5x5_spiral_small,
          minmay_the_grid_square_5x5_half_checkered,
          minmay_the_grid_square_5x5_intrusive_squares,
          minmay_the_grid_square_5x5_hourglass,
          minmay_the_grid_triangle_9x9_corrupted_corridor,
          minmay_the_grid_triangle_9x9_intruding_spiral,
          minmay_the_grid_triangle_9x9_zippers_horizontal,
          minmay_the_grid_triangle_9x9_subtriangle,
          minmay_the_grid_triangle_9x9_flanged_cone,
          minmay_the_grid_triangle_9x9_fully_insulated_deathbox,
          minmay_the_grid_triangle_9x9_sprig,
          minmay_the_grid_triangle_9x9_steps,
          minmay_the_grid_triangle_9x9_corruption,
          minmay_the_grid_triangle_9x9_shrine,
          minmay_the_grid_triangle_9x9_negative_grid,
          minmay_the_grid_triangle_9x9_semitri,
          minmay_the_grid_triangle_9x9_wacky_v,
          minmay_the_grid_triangle_9x9_dagger,
          minmay_the_grid_triangle_9x9_pentomino_pain,
          minmay_the_grid_triangle_9x9_cache,
          minmay_the_grid_square_5x5_hollow_slash,
          minmay_the_grid_octo_checkered, minmay_the_grid_octo_toaster,
          minmay_the_grid_octo_clover_2, minmay_the_grid_octo_concentric,
          minmay_the_grid_octo_tetromino_candy,
          minmay_the_grid_octo_vomiting_pacman, minmay_the_grid_octo_odd_swirl,
          minmay_the_grid_octo_focus, minmay_the_grid_stretched_grid,
          minmay_the_grid_zigzag_pyramid, minmay_the_grid_small_cups,
          minmay_the_grid_minigrid_small_alt], hell_entry, abyss_entry,
          pan_entry
Depths:4: grunt_profane_halls [grunt_zot_portal, grunt_profane_temple_geh,
          grunt_profane_temple_tar, grunt_profane_temple_dis,
          grunt_profane_temple_coc], abyss_entry, hell_entry
Hell
Zot:1:    layout_basic
Zot:2:    layout_gridlike, ebering_ghost_inner_flame
Zot:3:    gammafunk_mikee_crab_dinner, layout_cathedral_of_symmetry
Zot:4:    layout_gridville
Zot:5:    layout_gridlike

Skill      XL: |  1  2  3  4  5  6  7  8  9 10 11 12 13 14 15 16 17 18 19 20 21 22 23 24 25 26 27 |
---------------+----------------------------------------------------------------------------------+-----
Spellcasting   | 4 5 6 7 8 10 11 13 15 16 17 19 21 22 23 24 | 24.8
Conjurations   | 4 5 6 7 8 10 11 13 15 16 17 19 21 22 23 24 | 24.8
Hexes          | 4 5 6 7 8 10 11 13 15 16 17 19 21 22 23 24 | 24.8
Summonings     | 4 5 6 7 8 10 11 13 15 16 17 19 21 22 23 24 | 24.8
Necromancy     | 4 5 6 7 8 10 11 13 15 16 17 19 21 22 23 24 | 24.8
Translocations | 4 5 6 7 8 10 11 13 15 16 17 19 21 22 23 24 | 24.8
Fire Magic     | 4 5 6 7 8 10 11 13 15 16 17 19 21 22 23 24 | 24.8
Ice Magic      | 4 5 6 7 8 10 11 13 15 16 17 19 21 22 23 24 | 24.8
Air Magic      | 4 5 6 7 8 10 11 13 15 16 17 19 21 22 23 24 | 24.8
Earth Magic    | 4 5 6 7 8 10 11 13 15 16 17 19 21 22 23 24 | 24.8
Alchemy        | 4 5 6 7 8 10 11 13 15 16 17 19 21 22 23 24 | 24.8
Fighting       | 4 7 9 10 11 13 14 16 18 19 20 21 22 | 22.6
Shields        | 4 7 9 10 11 13 14 15 | 15.4
Dodging        | 5 8 10 12 13 14 16 18 19 20 22 23 | 23.1
Stealth        | |  1.5

Action                     |  1- 3 |  4- 6 |  7- 9 | 10-12 | 13-15 | 16-18 | 19-21 | 22-24 | 25-27 || total
---------------------------+-------+-------+-------+-------+-------+-------+-------+-------+-------++-------
  Melee: Dagger            |       |       |       |     1 |       |       |       |       |       ||     1
         Whip              |       |       |       |       |     6 |       |       |       |       ||     6
         Short sword       |       |       |       |       |       |     2 |     7 |     1 |     1 ||    11
  Throw: Dart              |       |       |       |     2 |    11 |     4 |       |       |       ||    17
   Cast: Foxfire           |    54 |    48 |   152 |   185 |   200 |   299 |    21 |     4 |       ||   963
         Scorch            |     5 |    20 |    51 |    58 |   115 |   142 |    56 |    12 |       ||   459
         Volatile Blastmot |       |     7 |    36 |   103 |    77 |       |       |       |       ||   223
         Flame Wave        |       |       |     9 |     4 |    52 |     5 |     7 |       |       ||    77
         Ensorcelled Hiber |       |       |     1 |     1 |     1 |     1 |     1 |       |       ||     5
         Inner Flame       |       |       |       |     1 |     2 |     1 |       |       |       ||     4
         Lee's Rapid Decon |       |       |       |   158 |   329 |   315 |   305 |   119 |    70 ||  1296
         Dispersal         |       |       |       |       |     9 |    18 |    15 |     4 |       ||    46
         Monstrous Menager |       |       |       |       |       |   179 |   298 |   191 |    83 ||   751
         Eringya's Noxious |       |       |       |       |       |       |    56 |    19 |     3 ||    78
         Lehudib's Crystal |       |       |       |       |       |       |       |   260 |   247 ||   507
         Summon Horrible T |       |       |       |       |       |       |       |     3 |    25 ||    28
         Infestation       |       |       |       |       |       |       |       |       |    49 ||    49
 Invoke: Potion Petition   |       |       |     1 |       |     1 |       |     1 |     1 |    13 ||    17
         Bribe Branch      |       |       |       |       |       |       |       |       |     3 ||     3
  Evoke: Wand              |       |       |    10 |     1 |     3 |       |       |     1 |     3 ||    18
         Tin of tremorston |       |       |       |       |     1 |       |       |       |       ||     1
    Use: Scroll            |       |       |     7 |     3 |     6 |    11 |     9 |     8 |    14 ||    58
         Potion            |       |       |       |     1 |       |     2 |       |       |    14 ||    17
 Armour: Robe              |     4 |     5 |    42 |    52 |   181 |   174 |   132 |    87 |   131 ||   808
  Dodge: Dodged            |     2 |       |    17 |    58 |   138 |   123 |   108 |    58 |    67 ||   571
  Block: Buckler           |       |       |    15 |    47 |   141 |       |       |       |       ||   203
         Reflection        |       |       |     1 |    10 |     7 |       |    44 |    17 |    14 ||    93
         Kite shield       |       |       |       |       |    13 |   161 |    66 |       |       ||   240
         Tower shield      |       |       |       |       |       |       |   136 |    68 |   136 ||   340

Table legend: (Time is in decaauts)
 A = Elapsed time spent in this place.
 B = Non-inter-level travel time spent in this place.
 C = Inter-level travel time spent in this place.
 D = Time resting spent in this place.
 E = Time spent auto-exploring this place.
 F = Levels seen in this place.
 G = Mean time per level.
                   A        B        C        D        E       F      G
               +--------+--------+--------+--------+--------+-----+--------+
         Total |  59304 |  55544 |   3760 |   9982 |  29117 |  46 | 1289.2 |
       Dungeon |  18939 |  17430 |   1509 |   2927 |  11168 |  15 | 1262.6 |
          Lair |  14654 |  13810 |    844 |   5894 |   4753 |   5 | 2930.8 |
        Shoals |   4930 |   4664 |    266 |    135 |   2177 |   4 | 1232.5 |
     Snake Pit |   4992 |   4743 |    249 |    409 |   2639 |   4 | 1248.0 |
  Orcish Mines |   1188 |   1099 |     89 |      0 |    893 |   2 |  594.0 |
        Vaults |   7022 |   6627 |    395 |     62 |   4338 |   5 | 1404.4 |
        Depths |   6006 |   5663 |    343 |    307 |   2957 |   4 | 1501.5 |
          Hell |      1 |      1 |      0 |      0 |      0 |   1 |    1.0 |
           Zot |   1047 |    984 |     63 |      0 |      0 |   5 |  209.4 |
       Ossuary |    519 |    519 |      0 |    248 |    192 |   1 |  519.0 |
               +--------+--------+--------+--------+--------+-----+--------+

Top non-repeatable levels by time:
  Lair:3: 4772 daAuts
  Lair:5: 3918 daAuts
Depths:3: 2249 daAuts
  Lair:4: 2057 daAuts
     D:7: 2040 daAuts
  Lair:1: 1956 daAuts
  Lair:2: 1950 daAuts
 Snake:3: 1913 daAuts
     D:8: 1643 daAuts
    D:11: 1621 daAuts
    D:10: 1565 daAuts
Shoals:4: 1496 daAuts
     D:9: 1490 daAuts
Vaults:2: 1441 daAuts
Depths:4: 1427 daAuts
